 Dungeon Crawl Stone Soup version 0.26.0-10-g1f06aea511 (webtiles) character file.

Game seed: 4506528654458822681

7 Goblin1989 the Sneak (level 1, -1/18 HPs)
             Began as a Demonspawn Delver on Jan 23, 2021.
             Slain by a worm (5 damage)
             ... on level 3 of the Dungeon.
             The game lasted 00:01:36 (325 turns).

Goblin1989 the Sneak (Demonspawn Delver)             Turns: 325, Time: 00:01:36

Health: -1/18      AC:  4    Str: 12    XL:     1   Next: 83%
Magic:  1/1        EV: 12    Int: 11    God:
Gold:   0          SH:  0    Dex: 14    Spells: 0/0 levels left

rFire    . . .     SeeInvis .   a - +0 hand axe
rCold    . . .     Faith    .   (no shield)
rNeg     . . .     Spirit   .   b - +0 leather armour
rPois    .         Reflect  .   (no helmet)
rElec    .         Harm     .   O - +0 cloak
rCorr    .         Rampage  .   (no gloves)
Will     .....                  (no boots)
Stlth    ++........             (no amulet)
HPRegen  0.06/turn              (no ring)
MPRegen  0.07/turn              (no ring)

@: no status effects
A: no striking features
a: no special abilities


You were on level 3 of the Dungeon.
You visited 1 branch of the dungeon, and saw 3 of its levels.

Inventory:

Hand Weapons
 a - a +0 hand axe (weapon)
Missiles
 P - 25 stones (quivered) {@Q3}
Armour
 b - a +0 leather armour (worn)
 O - a +0 cloak (worn)
Wands
 g - a wand of digging (3) {@v1}
Scrolls
 c - a scroll of fog
 e - a scroll of fear
 M - a scroll of magic mapping
 N - 2 scrolls of identify {unknown}
Potions
 f - a potion of haste {@q3,}


   Skills:
 - Level 3.0 Fighting
 + Level 2.4 Axes
 - Level 1.7 Dodging
 - Level 4.5 Stealth


You couldn't memorise any spells.
You didn't know any spells.
Your spell library was empty.

Dungeon Overview and Level Annotations

Branches:
Dungeon (5/15)
 Temple: D:4-7

Altars:


Message History

The rat bites you but does no damage.
Things that are here:
a +0 club; a goblin corpse You barely miss the rat.
The rat misses you. x2
You completely miss the rat. The rat bites you.
You take 1 damage, and have 17/18 hp.
You hit the rat.
The rat is moderately wounded.
The rat bites you but does no damage.
You hit the rat but do no damage.
The rat is moderately wounded.
The rat misses you.
You hit the rat.
You kill the rat!
You see here a rat corpse.
Health restored: 18
Found a scroll labelled HUFEOWI FUJOTH.
An ooze comes into view.
You see here a scroll labelled HUFEOWI FUJOTH.
You see here a scroll labelled HUFEOWI FUJOTH.
N - 2 scrolls labelled HUFEOWI FUJOTH (gained 1)
There is a stone staircase leading down here.
A goblin comes into view.
You barely miss the goblin. The goblin barely misses you.
You hit the goblin.
The goblin is heavily wounded.
The goblin closely misses you.
You closely miss the goblin.
The goblin is heavily wounded.
The goblin completely misses you. The goblin hits you but does no damage.
You barely miss the goblin.
The goblin is heavily wounded.
The goblin closely misses you.
You hit the goblin.
You kill the goblin!
You see here a goblin corpse.
You see here a goblin corpse.
A rat comes into view.
You barely miss the rat. The rat misses you.
You hit the rat.
You kill the rat!
Found a cloak.
A bat comes into view.
You see here a cloak.
You see here a cloak.
O - a cloak The helpless bat fails to defend itself.
You hit the bat.
The bat is severely wounded.
The bat hits you but does no damage. The bat completely misses you.
You hit the bat.
You kill the bat!
You see here a bat corpse.
Okay, then.
You start putting on your armour.
You continue putting on your cloak. x4
You finish putting on your +0 cloak.
Found a stone staircase leading down.
Found a chain mail.
Found 25 stones.
You see here 25 stones {@Q3}.
You see here 25 stones {@Q3}.
P - 25 stones {@Q3} A worm comes into view.
A rat comes into view.
The worm closely misses you.
You hit the worm.
The worm is lightly wounded.
You barely miss the worm.
The worm is lightly wounded.
The worm barely misses you.
You hit the worm.
The worm is moderately wounded.
The worm bites you.
You take 5 damage, and have 13/18 hp.
MASSIVE DAMAGE!!
You hit the worm.
The worm is heavily wounded.
You barely miss the worm.
The worm is heavily wounded.
The worm misses you.
You hit the worm.
The worm is severely wounded.
The worm barely misses you.
You hit the worm but do no damage.
The worm is severely wounded.
The worm closely misses you.
You hit the worm but do no damage.
The worm is heavily wounded.
You hit the worm.
The worm is almost dead.
The worm bites you but does no damage.
You barely miss the worm.
The worm is severely wounded.
The worm bites you!
Ouch! That really hurt!
* * * LOW HITPOINT WARNING * * *
You take 9 damage, and have 4/18 hp.
MASSIVE DAMAGE!!
You barely miss the worm.
The worm is severely wounded.
The worm bites you.
You die... ██........█ █.█.█.██.█ ███ █.█.█.██.█ █.. █ ..█.██.█ █.█ █..█.██.█ █.█ █.>..██.█ █.█ ███████.█ █r█ █.█ █w█

█.█ █@█ █.█
█.█ █.█ █.████
█.█ █....█ █.█
█████.█ █.█
█...█.█ █.█
█..██.█ █.█
█..██.██
█.█████......█


You could see a worm and a rat.

Vanquished Creatures
  A jackal (D:4)
  A quokka (D:3)
  A bat (D:3)
  2 goblins (D:3)
  2 rats (D:3)
7 creatures vanquished.

Notes
Turn   | Place    | Note
-------+----------+-------------------------------------------
     0 | D:5      | Goblin1989 the Demonspawn Delver began the quest for the
                  | Orb.
     0 | D:5      | Reached XP level 1. HP: 18/18 MP: 1/1
    34 | D:4      | Noticed a worker ant
   325 | D:3      | Slain by a worm

Illustrated notes

Levels and vault maps discovered:
D:3:      layout_basic, nicolae_ru_sacrificial_ziggurat, kennysheep_doodads
D:4:      layout_loops_corners, kennysheep_mini, lemuel_doored_altar,
          nicolae_overflow_crystal_walls
D:5:      layout_loops_cross, grunt_temple_overflow_order_and_chaos_2,
          general_overflow_altar, minmay_fractal_squares_5

Skill      XL: |  1 |
---------------+----+-----
Axes           | 2 |  2.4
Fighting       | |  3.0
Dodging        | |  1.7
Stealth        | |  4.5

Action                   || total
-------------------------++-------
Melee: Hand axe          ||    35
 Stab: Sleeping          ||     1
Armor: Leather armour    ||     5
Dodge: Dodged            ||    20
